 Dungeon Crawl Stone Soup version 0.28.0-43-g3370ac3207 (webtiles) character file.

Game seed: 15679658058387341755

271 anonymouscript the Ruffian (level 6, 0/61 HPs)
             Began as a Troll Fighter on Feb 26, 2022.
             Was an Initiate of Yredelemnul.
             Slain by a water moccasin (7 damage)
             ... on level 5 of the Dungeon on Mar 5, 2022.
             The game lasted 00:12:08 (2684 turns).

anonymouscript the Ruffian (Troll Fighter)          Turns: 2684, Time: 00:12:09

Health: 0/61       AC:  6    Str: 25    XL:     6   Next: 2%
Magic:  6/6        EV:  9    Int:  6    God:    Yredelemnul [......]
Gold:   253        SH:  8    Dex: 15    Spells: 5/5 levels left

rFire   . . .      SeeInvis +   m - +0 morningstar
rCold   . . .      Faith    .   b - +0 kite shield
rNeg    . . .      Spirit   .   a - +0 robe
rPois   .          Reflect  .   (helmet restricted)
rElec   .          Harm     .   h - +1 cloak
rCorr   .          Rampage  .   (gloves unavailable)
Will    .....                   (boots unavailable)
Stlth   +.........              i - amulet of magic regeneration
HPRegen 1.00/turn               j - ring of see invisible
MPRegen 0.50/turn               l - +6 ring of dexterity

@: mighty, lethally poisoned (0 -> -1)
A: large, unfitting armour, claws 3, regeneration 1, shaggy fur 1, tough skin 1
a: Renounce Religion, Recall Undead Harvest


You were on level 5 of the Dungeon.
You worshipped Yredelemnul.
Yredelemnul was noncommittal.
You visited 1 branch of the dungeon, and saw 5 of its levels.

You collected 253 gold pieces.

Inventory:

Hand Weapons
 m - a +0 morningstar (weapon)
Missiles
 g - 2 poisoned darts (quivered)
Armour
 a - a +0 robe (worn)
 b - a +0 kite shield (worn)
 h - a +1 cloak (worn)
Magical Staves
 r - a staff of cold
Jewellery
 i - an amulet of magic regeneration (around neck)
 j - a ring of see invisible (left claw)
 l - a +6 ring of dexterity (right claw)
 n - a ring of fire
Scrolls
 e - a scroll of vulnerability {unknown}
 k - a scroll of identify {unknown}
 o - 3 scrolls of teleportation {unknown}
 p - a scroll of magic mapping {unknown}
 s - a scroll of holy word {unknown}
 t - a scroll of fear {unknown}
Potions
 d - a potion of flight {unknown}
 f - 3 potions of attraction {unknown}
 q - a potion of resistance {unknown}


   Skills:
 + Level 3.1 Fighting
 + Level 1.3 Maces & Flails
 + Level 3.2 Dodging
 + Level 3.2 Shields
 + Level 3.2 Unarmed Combat
 * Level 1.9 Invocations


You had 5 spell levels left.
You didn't know any spells.
Your spell library contained the following spells:

 Spells                   Type           Power      Damage    Failure   Level
 Magic Dart               Conj           0%         1d3       75%         1
 Pain                     Necr           0%         1d4       75%         1
 Call Imp                 Summ           0%         N/A       87%         2
 Inner Flame              Hex/Fire       0%         N/A       98%         3
 Mephitic Cloud           Conj/Pois/Air  0%         N/A       98%         3
 Cause Fear               Hex            0%         N/A       100%        4
 Agony                    Necr           0%         N/A       100%        5
 Excruciating Wounds      Necr           0%         N/A       100%        5
 Discord                  Hex            0%         N/A       100%        8


Dungeon Overview and Level Annotations

Branches:
Dungeon (5/15)
 Temple: D:4-7

Altars:
Cheibriados
Okawaru
Yredelemnul

Shops:
D:4 (


Innate Abilities, Weirdness & Mutations

You are too large for most types of armour.
You have claws for hands.
Your natural rate of healing is unusually fast.
You are covered in fur. (AC +1)
You have tough skin. (AC +1)


Message History

You miss the water moccasin.
The water moccasin is lightly wounded.
You feel sick.
You are no longer poisoned.
The water moccasin bites you.
The water moccasin bites you but does no damage.
You hit the water moccasin.
The water moccasin is moderately wounded.
The water moccasin bites you.
The water moccasin bites you but does no damage.
You barely miss the water moccasin.
The water moccasin is moderately wounded.
The water moccasin bites you. x2
You barely miss the water moccasin.
The water moccasin is moderately wounded.
The water moccasin misses you. The water moccasin closely misses you.
You puncture the water moccasin!
The water moccasin is heavily wounded.
The water moccasin bites you. You block the water moccasin's attack.
The water moccasin barely misses you.
You closely miss the water moccasin.
The water moccasin is heavily wounded.
The water moccasin bites you.
You are poisoned.
The water moccasin poisons you! The water moccasin bites you.
You are more poisoned.
The water moccasin poisons you!
You barely miss the water moccasin.
The water moccasin is heavily wounded.
You feel extremely sick. The water moccasin barely misses you.
The water moccasin bites you.
* * * LOW HITPOINT WARNING * * *
You hit the water moccasin.
The water moccasin is severely wounded.
You feel very sick. You block the water moccasin's attack.
The water moccasin barely misses you.
You feel sick.
You feel sick. The water moccasin bites you!
You die...
Your body rises from the dead as a mindless zombie.

#...#.[...#.#
######.#.....#.#
#......#######.#
#..............#
#.......##.##..#
#......)##.###...
#.......##...######
#.......##....$...#
#.@S....##........#
#.................#
#...............$.#
#.................#
####............###
#............#
#........$...#
######.......#
#.........


You could see a water moccasin.

Vanquished Creatures
  A human (D:3)
  2 adders
  A white imp (D:3)
  An adder skeleton (D:5)
  A worm (D:3)
  A dart slug (D:4)
  3 orcs
  A bat (D:2)
  4 endoplasms
  A giant cockroach (D:3)
  6 hobgoblins
  8 jackals (D:2)
  4 kobolds
  3 quokkas
  5 ball pythons
  2 frilled lizards (D:3)
  3 goblins (D:2)
  A jackal skeleton (D:3)
  3 rats
51 creatures vanquished.

Vanquished Creatures (collateral kills)
  A jelly (D:4)
  An adder (D:3)
  2 bats (D:3)
  2 goblins
  A hobgoblin (D:3)
  A kobold zombie (D:3)
8 creatures vanquished.

Vanquished Creatures (others)
  A bat zombie (D:3)
  A goblin zombie (D:2)
  A hobgoblin zombie (D:3)
  3 jackal zombies (D:2)
  A kobold zombie (D:3)
  A rat zombie (D:2)
  A spectral endoplasm (D:4)
9 creatures vanquished.

Grand Total: 68 creatures vanquished

Notes
Turn   | Place    | Note
-------+----------+-------------------------------------------
     0 | D:1      | anonymouscript the Troll Fighter began the quest for the
                  | Orb.
     0 | D:1      | Reached XP level 1. HP: 22/22 MP: 0/0
     0 | D:1      | Upgraded the game from 0.28.0-1-gb440e238dd to
                  | 0.28.0-43-g3370ac3207
   274 | D:1      | Found a faded altar of an unknown god.
   285 | D:1      | Prayed at the altar of an unknown god.
   285 | D:1      | Became a worshipper of Yredelemnul the Dark
   285 | D:1      | Reached * piety under Yredelemnul
   524 | D:2      | Reached XP level 2. HP: 29/29 MP: 1/1
  1134 | D:2      | Reached XP level 3. HP: 32/36 MP: 2/2
  1314 | D:3      | Found a runed translucent door.
  1314 | D:3      | Noticed a human
  1320 | D:3      | Found a basalt altar of Yredelemnul.
  1349 | D:3      | Killed a human
  1350 | D:3      | Reached skill level 1 in Invocations
  1350 | D:3      | Reached XP level 4. HP: 38/45 MP: 2/4
  1350 | D:3      | Reached XP level 5. HP: 45/53 MP: 2/5
  1568 | D:3      | Reached ** piety under Yredelemnul
  2195 | D:4      | Found a snail-covered altar of Cheibriados.
  2247 | D:4      | Reached skill level 1 in Maces & Flails
  2264 | D:4      | Found Roit Lue's Antique Weapon Shop.
  2351 | D:4      | Reached XP level 6. HP: 61/61 MP: 6/6
  2594 | D:5      | Entered Level 5 of the Dungeon
  2595 | D:5      | Found an iron altar of Okawaru.
  2655 | D:5      | Noticed a water moccasin
  2684 | D:5      | Slain by a water moccasin

Illustrated notes

Levels and vault maps discovered:
D:1:      psy_arrival_spokes, layout_loops_ring,
          shapermc_ecumenical_altar_totnotflames
D:2:      layout_basic
D:3:      layout_loops_corners, dk_yredelemnul_ordeal
D:4:      layout_basic, kennysheep_little_box, serial_shops,
          nicolae_shop_behind_doors, minmay_fountain_box, kennysheep_crisscross,
          lemuel_old_faithful
D:5:      layout_basic, amcnicky_altar_gilded, nemelex_altar_shiori

Skill      XL: |  1  2  3  4  5 |
---------------+----------------+-----
Fighting       | 3 |  3.1
Dodging        | 3 |  3.2
Shields        | 3 |  3.2
Unarmed Combat | 3 |  3.2
Invocations    | 1 |  1.9
Maces & Flails | 1 |  1.3

Action                   |  1- 3 |  4- 6 || total
-------------------------+-------+-------++-------
Melee: Unarmed           |    71 |       ||    71
       Morningstar       |    14 |    84 ||    98
Invok: Recall Undead Har |     1 |     1 ||     2
  Use: Potion            |     1 |     1 ||     2
 Stab: Sleeping          |       |     2 ||     2
Armor: Robe              |    42 |    35 ||    77
Dodge: Dodged            |    29 |    41 ||    70
Block: Kite shield       |    37 |    44 ||    81
